 Dungeon Crawl Stone Soup version 0.25-a0-504-g768f60da87 (webtiles) character file.

Game seed: 16978256166815609362, levelgen mode: deterministic

2564 Psun the Covert (level 9, -1/79 HPs)
             Began as a Deep Dwarf Assassin on Feb 8, 2020.
             Was a Follower of Kikubaaqudgha.
             Killed from afar by a manticore (13 damage)
             ... with a volley of spikes
             ... on level 8 of the Dungeon on Feb 14, 2020.
             The game lasted 01:04:16 (6527 turns).

Psun the Covert (Deep Dwarf Assassin)               Turns: 6527, Time: 01:04:16

Health: -1/79      AC: 11    Str: 16    XL:     9   Next: 31%
Magic:  7/7        EV: 13    Int: 13    God:    Kikubaaqudgha [*.....]
Gold:   260        SH:  0    Dex: 15    Spells: 10/13 levels left

rFire    + . .     SeeInvis .   D - +4 dagger (venom)
rCold    . . .     Gourm    .   (no shield)
rNeg     . . .     Faith    .   F - +1 scale mail {rF+}
rPois    .         Spirit   .   (no helmet)
rElec    .         Reflect  .   c - +0 cloak
rCorr    .         Harm     .   s - +2 pair of gloves
MR       +....                  (no boots)
Stlth    +++.......             N - amulet of rage
HPRegen  0.00/turn              (no ring)
MPRegen  0.10/turn              (no ring)

@: barbed spikes, non-regenerating
A: damage resistance, heal wounds, sense surroundings 2, no regeneration
a: Heal Wounds, Receive Corpses, Renounce Religion, Evoke Berserk Rage


You were on level 8 of the Dungeon.
You worshipped Kikubaaqudgha.
Kikubaaqudgha was aware of your devotion.
You were not hungry.

You visited 2 branches of the dungeon, and saw 9 of its levels.

You collected 381 gold pieces.
You spent 121 gold pieces at shops.

Inventory:

Hand Weapons
 a - a +2 dagger
 m - a +0 vorpal spear
 n - a +0 mace
 D - a +4 dagger of venom (weapon)
 E - a -1 double sword
 H - a -3 triple sword
 L - a +0 battleaxe
 P - a +0 scimitar
 Q - a +2 spear of venom
Missiles
 d - 7 poisoned darts (quivered)
 e - 2 curare-tipped darts
 h - 73 arrows
 j - 139 stones
 l - 13 boomerangs
 p - 41 bolts
 y - 8 javelins
 B - 32 sling bullets
 K - 3 atropa-tipped darts
 U - 2 throwing nets
Armour
 b - a +0 robe
 c - a +0 cloak (worn)
 s - a +2 pair of gloves (worn)
 v - a +0 scale mail
 F - a +1 scale mail of fire resistance (worn)
 M - a +0 plate armour
Jewellery
 C - an uncursed ring of attention
 N - an amulet of rage (around neck)
Wands
 w - a wand of disintegration (8)
 G - a wand of random effects (40)
Scrolls
 g - a scroll of teleportation
 i - 2 scrolls of fear
 u - 2 scrolls of random uselessness
 I - a scroll of blinking
 J - a scroll of fog
 O - 2 scrolls of remove curse
 T - a scroll of immolation
Potions
 k - 2 potions of degeneration {unknown}
 o - a potion of brilliance {unknown}
 q - a potion of cancellation {unknown}
 r - 3 potions of curing {unknown}
 t - 2 potions of heal wounds
 x - 2 potions of lignification {unknown}
 z - a potion of might {unknown}
 A - a potion of berserk rage {unknown}
 R - a potion of flight {unknown}
Comestibles
 f - 13 rations
 S - a chunk of flesh


   Skills:
 + Level 4.7 Fighting
 - Level 4.4(4.7) Short Blades
 - Level 2.4(4.0) Long Blades
 - Level 1.4 Polearms
 - Level 1.9 Throwing
 - Level 6.7 Dodging
 - Level 9.6 Stealth
 * Level 2.6 Spellcasting
 * Level 3.5 Necromancy


You had 10 spell levels left.
You knew the following spells:

 Your Spells              Type           Power        Failure   Level  Hunger
a - Vampiric Draining     Necr           ##........   54%         3    ###....

Your spell library contained the following spells:

 Spells                   Type           Power        Failure   Level  Hunger
 Animate Skeleton         Necr           N/A          22%         1    #......
 Pain                     Necr           ##..         22%         1    #......
 Sublimation of Blood     Necr           ##........   32%         2    ###....
 Corpse Rot               Necr/Air       N/A          54%         2    ###....
 Animate Dead             Necr           N/A          91%         4    #####..
 Confusing Touch          Hex            #.......     95%         3    ###....
 Gell's Gravitas          Tloc           #.........   95%         3    ###....
 Agony                    Necr           ##......     99%         5    ######.
 Petrify                  Tmut/Erth      #.......     100%        4    #####..
 Metabolic Englaciation   Hex/Ice        #.........   100%        5    ######.
 Yara's Violent Unravell  Hex/Tmut       #.........   100%        5    ######.


Dungeon Overview and Level Annotations

Branches:
Dungeon (8/15)             Temple (1/1) D:4
   Lair: D:8-11

Altars:
Ashenzari
Cheibriados
Dithmenos
Elyvilon
Fedhas
Gozag
Kikubaaqudgha
Makhleb
Nemelex Xobeh
Okawaru
Qazlal
Ru
Sif Muna
Trog
Uskayaw
Vehumet
Wu Jian
Xom
Yredelemnul
Zin

Shops:
D:5 *[   D:6 *


Innate Abilities, Weirdness & Mutations

You are resistant to damage.
You can heal yourself by infusing magical energy.
You passively map the area around you.
You do not regenerate.


Message History

A giant cockroach comes into view.
The manticore flicks its tail.
The volley of spikes hits you.
The barbed spikes become lodged in your body.
* * * LOW HITPOINT WARNING * * *
The barbs in your skin will harm you if you move.
Continue? [Y]es or [N]o only, please.
The barbs in your skin will harm you if you move.
Continue?
Okay, then.
Throwing (i - inventory. (/) - cycle)
d - 8 poisoned darts (quivered)
Press: ? - help, Shift-Dir - straight line, f - manticore
Aim: a manticore You throw a poisoned dart.
The poisoned dart hits the manticore.
The manticore is poisoned.
You fail to use your ability.
The manticore flicks its tail.
The volley of spikes hits you!
The barbed spikes become lodged in your body.
You die...
Kikubaaqudgha rasps: "You have failed me!
Welcome... death!"

♣.. .♣ ♣♣..#...÷.
♣.♣.♣ ♣..#..<.<
♣♣.♣♣ ♣..##....
♣...♣♣ ♣♣..##...
♣.♣..♣ ♣♣..####
♣.♣♣.♣♣ ♣......
♣.♣♣..♣♣♣♣♣♣......
♣.♣♣♣.....♣♣......
♣@♣ ♣♣♣.........≈.
#..♣ ♣♣♣♣.....≈≈≈
#..# ♣♣♣♣.≈≈≈≈
.H.# ♣≈.≈≈≈ #.(s#
♣.≈≈.. #...#
♣≈≈... *#....*
*###.. *.....* ##


You could see a manticore and a giant cockroach.

Vanquished Creatures
  A hippogriff (D:7)
  Sigmund (D:3)
  A hog (D:8)
  Duvessa (D:7)
  A water moccasin (D:6)
  2 orc warriors
  An ice beast (D:4)
  4 ogres
  A big kobold (D:8)
  2 bullfrogs
  Dowan (D:7)
  2 crimson imps
  A quasit (D:6)
  2 centaur zombies (D:7)
  5 hounds
  4 orc wizards
  A centaur skeleton (D:8)
  3 orc priests
  Ijyb (D:5)
  Jessica (D:3)
  An iguana (D:7)
  Terence (D:2)
  Natasha (D:1)
  A worker ant (D:5)
  A killer bee zombie (D:5)
  A hound skeleton (D:5)
  3 gnolls
  11 adders
  A shadow imp (D:6)
  3 oozes
  3 worms
  2 dart slugs (D:2)
  5 leopard geckos
  17 orcs
  A ball python (D:1)
  4 giant cockroaches
  7 goblins
  6 hobgoblins
  4 jackals
  A quokka (D:4)
  8 bats
  6 frilled lizards
  A jackal zombie (D:7)
  12 kobolds
  A leopard gecko skeleton (D:5)
  11 rats
149 creatures vanquished.

Notes
Turn   | Place    | Note
-------+----------+-------------------------------------------
     0 | D:1      | Psun the Deep Dwarf Assassin began the quest for the Orb.
     0 | D:1      | Reached XP level 1. HP: 19/19 MP: 1/1
    45 | D:1      | Reached skill level 5 in Stealth
   169 | D:1      | Reached XP level 2. HP: 24/26 MP: 2/2
   551 | D:1      | Reached XP level 3. HP: 26/32 MP: 3/3
   675 | D:2      | Noticed Natasha
   691 | D:1      | Killed Natasha
   691 | D:1      | Reached skill level 6 in Stealth
   777 | D:2      | Reached XP level 4. HP: 31/39 MP: 2/2
   900 | D:2      | Noticed Terence
   936 | D:2      | Killed Terence
  1063 | D:2      | Noticed an ogre
  1116 | D:2      | Killed an ogre
  1116 | D:2      | Reached skill level 7 in Stealth
  1116 | D:2      | Reached XP level 5. HP: 37/45 MP: 3/3
  1460 | D:2      | Reached XP level 6. HP: 34/52 MP: 4/4
  1631 | D:3      | Noticed Jessica
  1648 | D:3      | Noticed Sigmund
  1653 | D:3      | Killed Jessica
  1681 | D:3      | Killed Sigmund
  1696 | D:3      | Found a sacrificial altar of Ru.
  1913 | D:3      | Upgraded the game from 0.25-a0-474-ga8a2ee3166 to
                  | 0.25-a0-504-g768f60da87
  2170 | D:3      | Reached XP level 7. HP: 28/61 MP: 4/4
  2611 | D:4      | Reached skill level 8 in Stealth
  2688 | D:4      | Found a staircase to the Ecumenical Temple.
  2715 | Temple   | Entered the Ecumenical Temple
  2894 | Temple   | Became a worshipper of Kikubaaqudgha
  3114 | D:4      | Reached skill level 5 in Dodging
  3537 | D:4      | Noticed a troll
  3693 | D:5      | Entered Level 5 of the Dungeon
  3715 | D:5      | HP: 1/61 [worker ant (5)]
  3979 | D:5      | Found Tuanoq's Tempting Trifles.
  4061 | D:5      | Found Xagraim's Armour Boutique.
  4314 | D:5      | Reached skill level 1 in Polearms
  4429 | D:5      | Reached XP level 8. HP: 14/68 MP: 4/4
  4547 | D:5      | Noticed Ijyb
  4562 | D:5      | Killed Ijyb
  4886 | D:6      | Found Ruyprori's Lightly-Used Armoury.
  4891 | D:6      | Bought a -1 double sword for 120 gold pieces
  4891 | D:6      | Bought a -3 triple sword for 1 gold piece
  5024 | D:6      | Reached skill level 9 in Stealth
  5076 | D:6      | Found a white marble altar of Elyvilon.
  5143 | D:6      | Reached skill level 1 in Long Blades
  5371 | D:6      | Reached * piety under Kikubaaqudgha
  5371 | D:6      | Identified Kikubaaqudgha's Grimoire of Dark Magic
                  | (Kikubaaqudgha gifted it to you on level 6 of the Dungeon)
  5371 | D:6      | Received a gift from Kikubaaqudgha
  5576 | D:7      | Reached skill level 1 in Necromancy
  5693 | D:7      | Reached skill level 1 in Spellcasting
  5798 | D:7      | Noticed Dowan
  5799 | D:7      | Noticed Duvessa
  5831 | D:7      | Killed Duvessa
  5844 | D:6      | Gained mutation: You passively map the area around you.
                  | [Deep Dwarf growth]
  5844 | D:6      | Reached XP level 9. HP: 37/78 MP: 7/7
  5901 | D:6      | Learned a level 3 spell: Vampiric Draining
  5915 | D:7      | Killed Dowan
  5966 | D:7      | Found a white marble altar of Elyvilon.
  5966 | D:7      | Found a basalt altar of Yredelemnul.
  5969 | D:7      | Found an iron altar of Okawaru.
  5982 | D:7      | Found a burning altar of Makhleb.
  6523 | D:8      | Noticed a manticore
  6527 | D:8      | Killed from afar by a manticore

Levels and vault maps discovered:
D:1:      dpeg_arrival_renting, layout_loops_ring
D:2:      cheibrodos_old_hovel, layout_basic, uniq_terence, uniq_natasha
D:3:      layout_basic, nicolae_ru_awakened_eye, first_ration, uniq_sigmund,
          uniq_jessica
D:4:      layout_loops_cross, minmay_temple_entry_overgrown
D:5:      layout_loops_ring, serial_shops, kennysheep_little_box,
          nicolae_alphabet_shops, uniq_ijyb
D:6:      layout_rooms, basic_altar, minmay_shop_damaged
D:7:      layout_rooms, nicolae_overflow_quartered_altars, uniq_duvessa
D:8:      kennysheep_town, serial_shops
Temple:   nicolae_temple_no_exploring_needed

Skill      XL: |  1  2  3  4  5  6  7  8  9 |
---------------+----------------------------+-----
Stealth        | 5 6 7 8 9 |  9.6
Short Blades   | 2 3 4 |  4.4
Dodging        | 3 4 5 6 |  6.7
Fighting       | 2 3 4 |  4.7
Polearms       | 1 |  1.4
Long Blades    | 2 |  2.4
Necromancy     | 2 3 |  3.5
Spellcasting   | 1 2 |  2.6
Throwing       | |  1.9

Action                   |  1- 3 |  4- 6 |  7- 9 || total
-------------------------+-------+-------+-------++-------
Melee: Dagger            |    80 |   265 |   413 ||   758
       Spear             |       |       |    11 ||    11
Throw: Dart              |       |       |     7 ||     7
 Abil: Heal Wounds       |     2 |     3 |    10 ||    15
  Use: Scroll            |       |     1 |     9 ||    10
 Stab: Sleeping          |    10 |     6 |     5 ||    21
  Eat: Chunk             |       |     2 |    10 ||    12
       Ration            |       |     1 |     1 ||     2
Armor: Robe              |    13 |    33 |       ||    46
       Scale mail        |       |     7 |   162 ||   169
Dodge: Dodged            |    39 |   124 |   239 ||   402

Table legend:
 A = Non-vault XP
 B = Vault XP
 C = Vault XP percentage of total XP
 D = Non-vault monster count
 E = Vault monster count
 F = Vault count percentage of total count
                 A         B        C        D         E       F
            +---------+---------+-------+---------+---------+-------
      Total |    2858 |     805 |  22.0 |     140 |       9 |   6.0
            +---------+---------+-------+---------+---------+-------
        D:1 |      41 |      35 |  46.1 |      21 |       1 |   4.5
        D:2 |     277 |      37 |  11.8 |      27 |       2 |   6.9
        D:3 |      94 |     264 |  73.7 |      21 |       2 |   8.7
        D:4 |     470 |       0 |   0.0 |      16 |       0 |   0.0
        D:5 |     453 |      38 |   7.7 |      17 |       1 |   5.6
        D:6 |     821 |       0 |   0.0 |      19 |       0 |   0.0
        D:7 |     546 |     235 |  30.1 |      16 |       2 |  11.1
        D:8 |     156 |     196 |  55.7 |       3 |       1 |  25.0
            +---------+---------+-------+---------+---------+-------
